 Dungeon Crawl Stone Soup version 0.32-a0-928-g1cae6b7ea0 (webtiles) character file.

Game seed: 8561429702558652200

488 Destark the Magician (level 6, -5/32 (33) HPs)
             Began as a Deep Elf Alchemist on Apr 12, 2024.
             Slain by a wight
             ... wielding a +0 falchion
              (6 damage)
             ... on level 5 of the Dungeon.
             The game lasted 00:37:14 (4192 turns).

Destark the Magician (Deep Elf Alchemist)           Turns: 4192, Time: 00:37:15

HP:   -5/32 (33)    AC:  4    Str:  5    XL:     6   Next: 90%
MP:   14/16         EV: 12    Int: 20    God:
Gold: 325           SH:  0    Dex: 15    Spells: 15/16 levels left

rFire   . . .        e - +0 dagger (venom)
rCold   . . .        (no shield)
rNeg    . . .        a - +0 robe
rPois   .            (no helmet)
rElec   .            m - +0 cloak
rCorr   .            i - +0 pair of gloves
SInv    .            (no boots)
Will    .....        (no amulet)
Stlth   ++           (no ring)
HPRegen 0.25/turn    (no ring)
MPRegen 0.15/turn

%: no passive effects
@: lightly drained
A: dopey 1
a: no special abilities


You were on level 5 of the Dungeon.
You visited 1 branch of the dungeon, and saw 5 of its levels.

You collected 325 gold pieces.

Inventory:

Hand Weapons
 c - a +0 spear
 e - a +0 dagger of venom (weapon)
 h - a +1 shortbow of electrocution
Armour
 a - a +0 robe (worn)
 d - a +0 chain mail
 i - a +0 pair of gloves (worn)
 k - a +0 tower shield
 l - a +0 ring mail
 m - a +0 cloak (worn)
 n - a +0 leather armour
Scrolls
 f - a scroll of poison {unknown}
 g - 2 scrolls of identify
 p - a scroll of amnesia {unknown}
 q - 3 scrolls of teleportation {unknown}
 t - 2 scrolls of fear {unknown}
 w - a scroll of torment {unknown}
 x - a scroll of enchant armour {unknown}
Potions
 b - a potion of magic
 j - a potion of might {unknown}
 o - a potion of curing {unknown}
 r - 2 potions of attraction {unknown}
 s - 2 potions of haste {unknown}
 u - a potion of lignification {unknown}
 v - a potion of mutation


   Skills:
 + Level 0.9 Fighting
 + Level 1.0 Short Blades
 + Level 4.0 Dodging
 + Level 2.7 Stealth
 + Level 5.9 Spellcasting
 + Level 3.5 Conjurations
 + Level 5.2 Alchemy


You had 15 spell levels left.
You knew the following spells:

 Your Spells              Type           Power      Damage    Failure   Level
a - Sting                 Conj/Alch      92%        1d8       1%          1

Your spell library contained the following spells:

 Spells                   Type           Power      Damage    Failure   Level
 Mercury Vapours          Alch/Air       32%        N/A       5%          2
 Mephitic Cloud           Conj/Alch/Air  17%        N/A       10%         3
 Olgreb's Toxic Radiance  Alch           26%        N/A       12%         4
 Inner Flame              Hex/Fire       5%         N/A       32%         3
 Sticky Flame             Fire/Alch      16%        2d5       34%         4
 Flame Wave               Conj/Fire      13%        2d6       45%         4


Dungeon Overview and Level Annotations

Branches:
Dungeon (5/15)
 Temple: D:4-7

Altars:
Elyvilon
Trog
Wu Jian
Yredelemnul

Shops:
D:1 *   D:4 !


Innate Abilities, Weirdness & Mutations

You are dopey. (Int -2)


Message History

Aim: a wight, wielding a +0 falchion and wearing a +0 robe of willpower (moderately damaged, 76% to hit)
The sting hits the wight.
The wight partially resists.
The wight is moderately damaged.
The wight closely misses you.
You hit the wight but do no damage.
The wight is moderately damaged.
The wight hits you with a +0 falchion.
You hit the wight but do no damage.
The wight is moderately damaged.
The wight barely misses you.
You hit the wight.
The wight is heavily damaged.
The wight hits you with a +0 falchion.
You hit the wight.
The wight is heavily damaged.
The wight misses you.
You barely miss the wight.
The wight is heavily damaged.
The wight closely misses you.
You closely miss the wight.
The wight is heavily damaged.
You barely miss the wight.
The wight is heavily damaged.
The wight hits you with a +0 falchion.
You hit the wight but do no damage.
The wight is heavily damaged.
The wight hits you with a +0 falchion.
You closely miss the wight.
The wight is heavily damaged.
The wight hits you with a +0 falchion.
You hit the wight but do no damage.
The wight is heavily damaged.
The wight hits you with a +0 falchion!
* * * LOW HITPOINT WARNING * * *
You feel drained.
* * * LOW HITPOINT WARNING * * *
You hit the wight.
The wight is heavily damaged.
The wight hits you with a +0 falchion.
You die...

... #..### .: .
.... ... ..
#..#.......
##..#.. ...
####..... ..#..
..##.>....##......
..........<.......
#.#.@.........#
###>z.........#
#..............
#....##.##.#...
........##....# ..
...$....#...#.. .
#.#.#........ ..
......... .... .
#.#.#.#.. ...


You could see a wight.

Vanquished Creatures
  A bullfrog (D:4)
  A scorpion (D:4)
  A centaur zombie (D:3)
  A hound (D:4)
  An orc priest (D:2)
  A jelly (D:4)
  An iguana (D:4)
  2 orc wizards (D:3)
  5 adders
  3 adder zombies (D:3)
  A dart slug (D:2)
  2 ribbon worms
  9 orcs
  7 ball pythons
  8 bats
  4 endoplasms
  4 giant cockroaches
  9 goblins
  9 hobgoblins
  8 jackals
  5 kobolds
  5 quokkas
  4 frilled lizards
  6 rats
98 creatures vanquished.

Notes
Turn   | Place    | Note
-------+----------+-------------------------------------------
     0 | D:1      | Destark the Deep Elf Alchemist began the quest for the Orb.
     0 | D:1      | Reached XP level 1. HP: 10/10 MP: 6/6
   219 | D:1      | Reached XP level 2. HP: 15/15 MP: 5/8
   728 | D:1      | Found Fasauxoc's General Store.
   846 | D:1      | Reached XP level 3. HP: 19/19 MP: 7/9
  1507 | D:2      | Gained mutation: You are dopey. (Int -2) [potion of
                  | mutation]
  1970 | D:2      | Reached XP level 4. HP: 21/24 MP: 9/12
  2092 | D:3      | Reached XP level 5. HP: 28/28 MP: 1/13
  2398 | D:3      | Found a basalt altar of Yredelemnul.
  3194 | D:3      | Found an ornate altar of the Wu Jian Council.
  3208 | D:3      | Upgraded the game from 0.32-a0-918-g0f22ef8d61 to
                  | 0.32-a0-928-g1cae6b7ea0
  3231 | D:4      | Reached skill level 5 in Spellcasting
  3282 | D:4      | Reached XP level 6. HP: 33/33 MP: 12/16
  3357 | D:4      | Reached skill level 5 in Alchemy
  3471 | D:4      | Found a transporter.
  3476 | D:4      | Found a white marble altar of Elyvilon.
  3730 | D:4      | Found a transporter.
  3825 | D:4      | Found Ciydeath's Distillery.
  3911 | D:4      | Reached skill level 1 in Short Blades
  3993 | D:4      | Found a bloodstained altar of Trog.
  4170 | D:5      | Entered Level 5 of the Dungeon
  4191 | D:5      | HP: 1/32 [wight/+0 falchion (3)]
  4192 | D:5      | Slain by a wight

Illustrated notes

Levels and vault maps discovered:
D:1:      lemuel_arrival_rhombus, layout_basic, serial_shops, shop,
          minmay_gold_behind_fungi, minmay_tromino_v4_b
D:2:      layout_rooms
D:3:      layout_loops_ring, nicolae_yredelemnul_corpse_copse,
          nzn_wu_jian_council_hall
D:4:      layout_cave_pools, elyvilon_altar_4, lightli_temple_of_fire,
          serial_shops, shop, serial_bayou_lagoon_a, st_stairs_9
D:5:      layout_cave_pools, nicolae_uskayaw_suspiria, serial_glass,
          glass_columns_b, glass_columns_a, item_on_display_a,
          uniq_crazy_yiuf_cottage

Skill      XL: |  1  2  3  4  5  6 |
---------------+-------------------+-----
Alchemy        | 4 5 |  5.2
Spellcasting   | 4 5 |  5.9
Conjurations   | 2 3 |  3.5
Dodging        | 3 4 |  4.0
Short Blades   | 1 |  1.0
Fighting       | |  0.9
Stealth        | |  2.7

Action                     |  1- 3 |  4- 6 || total
---------------------------+-------+-------++-------
  Melee: Dagger            |    20 |    90 ||   110
   Cast: Sting             |    76 |   120 ||   196
    Use: Scroll            |     1 |       ||     1
         Potion            |     1 |       ||     1
 Armour: Robe              |    19 |    97 ||   116
  Dodge: Dodged            |    27 |    79 ||   106

Table legend: (Time is in decaauts)
 A = Elapsed time spent in this place.
 B = Non-inter-level travel time spent in this place.
 C = Inter-level travel time spent in this place.
 D = Time resting spent in this place.
 E = Time spent auto-exploring this place.
 F = Levels seen in this place.
 G = Mean time per level.
                   A        B        C        D        E       F      G
               +--------+--------+--------+--------+--------+-----+--------+
         Total |   4197 |   4197 |      0 |    425 |   2633 |   5 |  839.4 |
       Dungeon |   4197 |   4197 |      0 |    425 |   2633 |   5 |  839.4 |
               +--------+--------+--------+--------+--------+-----+--------+

Top non-repeatable levels by time:
     D:1: 1287 daAuts
     D:3: 1238 daAuts
     D:4: 951 daAuts
     D:2: 698 daAuts
     D:5: 21 daAuts
